 Dungeon Crawl Stone Soup version 0.21.1-1-g345015f (webtiles) character file.

210 teukkam the Ruffian (level 5, -2/54 HPs)
             Began as a Troll Monk on June 10, 2018.
             Slain by a gnoll
             ... wielding a +0 spear
              (8 damage)
             ... on level 4 of the Dungeon.
             The game lasted 00:19:53 (1683 turns).

teukkam the Ruffian (Troll Monk)                    Turns: 1683, Time: 00:19:53

Health: -2/54      AC:  5    Str: 20    XL:     5   Next: 57%
Magic:  4/4        EV: 10    Int:  6    God:
Gold:   154        SH:  0    Dex: 12    Spells: 4/4 levels left

rFire    . . .     SeeInvis .     - Unarmed
rCold    . . .     Gourm    +   (no shield)
rNeg     . . .     Faith    .   a - +0 robe
rPois    +         Spirit   .   (helmet restricted)
rElec    .         Reflect  .   (no cloak)
rCorr    .         Harm     .   (gloves unavailable)
MR       .....                  (boots unavailable)
Stlth    +.........             (no amulet)
HPRegen  0.58/turn              g - ring of poison resistance
MPRegen  0.09/turn              (no ring)

@: lethally poisoned (-2 -> -2), glowing
A: large, unfitting armour, claws 3, fast metabolism 3, gourmand, regeneration
1, shaggy fur 1, tough skin 2
a: no special abilities


You were on level 4 of the Dungeon.
You were completely stuffed.

You visited 2 branches of the dungeon, and saw 5 of its levels.

You collected 154 gold pieces.

Inventory:

Hand Weapons
 b - a +0 hunting sling of flaming
 j - a +0 whip of electrocution
 k - a +2 hand axe of flaming
Missiles
 p - 23 stones
 v - 4 tomahawks (quivered)
Armour
 a - a +0 robe (worn)
Jewellery
 g - a ring of poison resistance (left claw)
 q - a +2 ring of protection {unknown}
Wands
 n - a wand of paralysis (13)
Scrolls
 c - a scroll of random uselessness {unknown}
 d - a scroll of fear {unknown}
 e - a scroll of remove curse {unknown}
 l - a scroll of enchant armour {unknown}
 m - a scroll of noise {unknown}
 t - a scroll of teleportation {unknown}
Potions
 f - a potion of flight {unknown}
 h - a potion of might {unknown}
 i - a potion of lignification {unknown}
 r - a potion of agility {unknown}
 u - a potion of resistance {unknown}
Comestibles
 o - 6 rations


   Skills:
 + Level 4.1 Fighting
 - Level 2.4 Dodging
 - Level 1.0 Stealth
 + Level 4.9 Unarmed Combat


You had 4 spell levels left.
You didn't know any spells.

Dungeon Overview and Level Annotations

Branches:
Dungeon (4/15)             Temple (1/1) D:4

Altars:
Okawaru
Uskayaw


Innate Abilities, Weirdness & Mutations

You are too large for most types of armour.
You have claws for hands.
Your metabolism is lightning-fast.
You like to eat raw meat.
Your natural rate of healing is unusually fast.
You are covered in fur. (AC +1)
You have very tough skin. (AC +2)


Message History

You claw the gnoll!
The gnoll is severely wounded.
You feel sick.
The gnoll hits you from afar with a spear!
* * * LOW HITPOINT WARNING * * *
The gnoll shaman barely misses you. The gnoll hits you but does no damage.
The gnoll hits you from afar with a spear.
* * * LOW HITPOINT WARNING * * *
The gnoll shaman calls upon its god to heal the gnoll.
The gnoll is healed somewhat.
You feel sick.
You feel sick.
The gnoll shaman invokes the aid of its god against you.
You are outlined in light.
There is an open door here.
You claw the gnoll!
You kill the gnoll!
You feel sick.
The gnoll hits you from afar with a spear!
You die...

#......... .........
#(....## #.# ...# #####
###'###..# #....
#.....#..###[##.
###g⌠.⌠.#...##.##.
######.)..>..'...##.##.
#.....@#.⌠†⌠.#....#.##.
#...####.....#....#.##.
#...######+#####..#.##.
#...........# #..#.##.
#...........# #..#..#.
#...........# #..##.#.
######...........#
#..##.#.
#.........###+####
##..#.#. #.....(...#
#.########..#.#.


You could see a gnoll.

Vanquished Creatures
  An orc wizard (D:4)
  3 adders
  7 gnolls (D:4)
  6 dart slugs
  A leopard gecko (D:1)
  8 orcs
  A ball python (D:2)
  3 bats
  3 giant cockroaches
  11 goblins
  5 hobgoblins
  7 jackals
  5 kobolds
  A quokka (D:2)
  3 frilled lizards
  4 rats
69 creatures vanquished.

Notes
Turn   | Place    | Note
-------+----------+-------------------------------------------
     0 | D:1      | teukkam the Troll Monk began the quest for the Orb.
     0 | D:1      | Reached XP level 1. HP: 22/22 MP: 0/0
    54 | D:2      | Reached XP level 2. HP: 29/29 MP: 1/1
   412 | D:1      | Reached XP level 3. HP: 37/37 MP: 2/2
   899 | D:3      | Found an iron altar of Okawaru.
  1073 | D:3      | Reached XP level 4. HP: 45/45 MP: 3/3
  1129 | D:3      | Noticed a black bear
  1130 | D:3      | Found a hide-covered altar of Uskayaw.
  1345 | D:4      | Found a staircase to the Ecumenical Temple.
  1407 | D:4      | Reached XP level 5. HP: 52/54 MP: 4/4
  1609 | Temple   | Entered the Ecumenical Temple
  1683 | D:4      | Slain by a gnoll

Skill      XL: |  1  2  3  4  5 |
---------------+----------------+-----
Fighting       | 3 4 |  4.1
Unarmed Combat | 4 |  4.9
Dodging        | |  2.4
Stealth        | |  1.0

Action                   |  1- 3 |  4- 6 || total
-------------------------+-------+-------++-------
Melee: Unarmed           |    95 |    84 ||   179
       Punch             |     1 |     2 ||     3
 Fire: Hunting sling     |     5 |       ||     5
Throw: Tomahawk          |       |     6 ||     6
       Stone             |       |     1 ||     1
Evoke: Wand              |       |     1 ||     1
 Stab: Sleeping          |     1 |     1 ||     2
  Eat: Chunk             |    15 |     6 ||    21
Armor: Robe              |    50 |    19 ||    69
Dodge: Dodged            |    57 |    41 ||    98
